Map: Terraform LE (Void)

Players

ZumoCoCoHerO

  • Race: Protoss Protoss
  • League: Platinum

Javert - Winner!

  • Race: Zerg Zerg
  • League: Platinum

VOD

Have the link to the VOD?

Description

Time

  • Played on: Aug. 16, 2015, 6:20 p.m.
  • Length: 9:39
Show
View Real Time Build Order
Export as new Build Order

ZumoCoCoHerO Protoss 

Build Orders:  

Get SALT Encoding   

  12  0:02  Probe  
  13  0:14  Pylon  
  13  0:17  Probe  
  14  0:32  Probe (Chrono Boost)  
  15  0:39  Gateway  
  15  0:42  Probe (Chrono Boost)  
  16  0:49  Probe  
  17  0:51  Assimilator  
  17  0:56  Assimilator  
  17  1:01  Probe (Chrono Boost)  
  18  1:05  Pylon  
  18  1:13  Probe (Chrono Boost)  
  19  1:20  Probe (Chrono Boost)  
  20  1:37  Cybernetics Core  
  20  1:51  Probe (Chrono Boost)  
  21  1:58  Probe (Chrono Boost)  
  21  2:00  Nexus  
  22  2:09  Probe  
  23  2:17  Stalker  
  23  2:19  Warp Gate  
  25  2:29  Mothership Core (Chrono Boost)  
  27  2:47  Pylon  
  27  2:55  Stalker  
  28  3:07  Probe (Chrono Boost)  
  29  3:18  Probe (Chrono Boost)  
  29  3:19  Stargate  
  30  3:26  Stalker  
  32  3:39  Probe  
  32  3:41  Probe  
  34  3:48  Gateway  
  34  3:49  Gateway  
  34  3:51  Probe (Chrono Boost)  
  34  3:53  Probe (Chrono Boost)  
  36  3:58  Assimilator  
  36  4:00  Assimilator  
  36  4:02  Probe (Chrono Boost)  
  38  4:03  Probe (Chrono Boost)  
  38  4:14  Probe x2  
  38  4:15  Oracle (Chrono Boost)  
  39  4:26  Probe x2  
  39  4:50  Oracle (Chrono Boost)  
  39  4:51  Forge  
  42  4:55  Sentry  
  42  4:56  Sentry x2  
  48  5:13  Pylon  
  48  5:37  Fleet Beacon  
  48  5:40  Pylon  
  48  5:41  Pylon  
  48  5:43  Pylon  
  48  5:50  Nexus  
  48  5:56  Pylon  
  48  5:57  Pylon  
  48  6:18  Carrier (Chrono Boost)  
  45  6:37  Stargate  
  51  6:42  Probe  
  52  6:50  Zealot x2  
  52  6:52  Zealot  
  52  6:54  Probe  
  59  6:59  Assimilator  
  59  7:07  Carrier (Chrono Boost)  
  59  7:16  Probe  
  59  7:18  Probe  
  67  7:26  Zealot x3  
  67  7:28  Probe  
  74  7:30  Probe  
  74  7:32  Carrier (Chrono Boost)  
  79  8:11  Probe  
  80  8:13  Probe  
  81  8:23  Probe  
  81  8:25  Probe, Nexus  
  81  8:35  Probe  
  67  9:23  Probe  
  68  9:29  Assimilator  
  68  9:31  Assimilator  
Show
View Real Time Build Order
Export as new Build Order

Javert Zerg - Winner!

Build Orders: Hatch First 

Get SALT Encoding   

  12  0:01  Drone  
  13  0:14  Overlord  
  13  0:19  Drone  
  14  0:33  Drone  
  14  0:34  Drone  
  16  0:40  Drone  
  17  0:57  Hatchery  
  17  0:59  Drone  
  17  1:07  Drone  
  17  1:08  Extractor  
  17  1:12  Drone  
  18  1:19  Drone  
  19  1:32  Drone  
  20  1:35  Spawning Pool  
  19  1:47  Drone  
  20  1:55  Drone  
  21  2:04  Overlord  
  21  2:13  Drone x2  
  23  2:23  Metabolic Boost  
  23  2:24  Queen x2  
  27  2:31  Drone x2  
  29  2:40  Overlord  
  29  2:44  Drone x2  
  30  3:03  Queen  
  32  3:07  Zergling x4  
  32  3:11  Hatchery, Overlord  
  33  3:18  Drone  
  33  3:19  Drone x2  
  36  3:31  Overlord  
  36  3:39  Queen  
  36  3:41  Overlord  
  38  3:51  Zergling x8  
  41  4:00  Overlord  
  41  4:04  Roach Warren  
  40  4:11  Zergling x14  
  40  4:12  Zergling x2  
  40  4:15  Overlord  
  45  4:31  Drone  
  45  4:32  Drone x6  
  45  4:37  Extractor  
  50  4:39  Drone x3  
  50  4:43  Drone x2  
  55  4:50  Overlord  
  55  5:04  Spore Crawler  
  55  5:06  Lair, Spore Crawler  
  51  5:08  Drone x6  
  57  5:18  Spore Crawler  
  55  5:27  Overlord  
  54  5:37  Overlord x2, Extractor x2  
  54  5:38  Drone x2  
  54  5:39  Drone x2  
  55  5:53  Overlord  
  55  6:00  Evolution Chamber  
  55  6:01  Evolution Chamber  
  53  6:05  Drone x11  
  53  6:06  Drone x2  
  66  6:30  Roach  
  66  6:32  Roach x8  
  84  6:33  Glial Reconstitution  
  84  6:38  Zerg Missile Weapons Level 1  
  84  6:41  Drone x2, Hydralisk Den  
  85  6:52  Extractor  
  85  6:54  Extractor  
  83  7:00  Roach  
  83  7:01  Roach x8  
  101  7:10  Overlord  
  101  7:11  Overlord x2  
  101  7:14  Muscular Augments  
  101  7:18  Drone x3  
  104  7:33  Hydralisk x3  
  104  7:34  Hydralisk x4  
  118  7:38  Overseer  
  118  7:42  Spine Crawler, Overseer  
  117  7:45  Overlord  
  117  7:49  Spine Crawler, Overseer  
  116  7:51  Hydralisk  
  117  8:08  Hydralisk  
  117  8:09  Hydralisk x5  
  128  8:13  Ravager x5  
  121  8:47  Hydralisk  
  121  8:48  Hydralisk x6  
  124  9:07  Spire  
  129  9:29  Extractor  
  129  9:30  Hatchery  
  126  9:35  Extractor  
Tags
 
Add a new tag
Caveats
  • Supply blocks, unpowered buildings, or Contaminate may cause inaccurate times.
  • Supply counts are checked every 10 seconds.